 Dungeon Crawl Stone Soup version 0.21-a0-88-g13b9641 (webtiles) character file.

25 4thArraOfDagon the Grasshopper (level 3, 1/28 HPs)
             Began as a Formicid Warper on June 26, 2017.
             Quit the game on level 6 of the Dungeon.
             The game lasted 00:01:31 (118 turns).

4thArraOfDagon the Grasshopper (Formicid Warper)     Turns: 118, Time: 00:01:32

Health: 1/28       AC:  8    Str: 15    XL:     3   Next: 20%
Magic:  5/6        EV:  6    Int: 13    God:
Gold:   0          SH:  0    Dex: 10    Spells: 7/7 levels left

rFire    . . .     SeeInvis +   a - +0 falchion
rCold    . . .     Gourm    .   (no shield)
rNeg     . . .     Faith    .   g - +0 chain mail
rPois    .         Spirit   .   (helmet unavailable)
rElec    .         Reflect  .   (no cloak)
rCorr    .         Harm     .   (no gloves)
MR       .....                  (no boots)
Stlth    ..........             (no amulet)
HPRegen  0.09/turn              (no ring)
MPRegen  0.10/turn              (no ring)

@: lethally poisoned (1 -> -1)
A: permanent stasis, dig shafts and tunnels, four strong arms, antennae 3
a: Dig, Shaft Self


You were on level 6 of the Dungeon.
You were not hungry.

You visited 1 branch of the dungeon, and saw 6 of its levels.

Inventory:

Hand Weapons
 a - a +0 falchion (weapon)
Armour
 b - a +0 leather armour
 g - a +0 chain mail (worn)
 h - a +0 ring mail
Scrolls
 d - a scroll of blinking
 i - a scroll of remove curse
Books
 c - a book of Spatial Translocations

   Spells                             Type                      Level
   a - Blink                          Translocation                2
   b - Shroud of Golubria             Charms/Translocation         2
   c - Lesser Beckoning               Translocation                3
   d - Gell's Gravitas                Translocation                3
   e - Teleport Other                 Translocation                3
   f - Passage of Golubria            Translocation                4
Comestibles
 f - a bread ration


   Skills:
 + Level 2.4 Fighting
 + Level 2.6 Long Blades
 + Level 1.2 Throwing
 + Level 1.1 Armour
 + Level 1.9 Dodging
 + Level 2.6 Spellcasting
   Level 2.6 Translocations


You had 7 spell levels left.
You didn't know any spells.

Dungeon Overview and Level Annotations

Branches:
Dungeon (6/15)
 Temple: D:4-7

Altars:
Sif Muna


Innate Abilities, Weirdness & Mutations

You cannot be hasted, slowed, berserked, paralysed or teleported.
You can dig through walls and to a lower floor.
Your four strong arms can wield two-handed weapons with a shield.
You have a pair of large antennae on your head. (SInv)


Message History

You feel sick.
* * * LOW HITPOINT WARNING * * *
You feel sick.
You see here a worker ant corpse.
* * * LOW HITPOINT WARNING * * *
You feel sick.
* * * LOW HITPOINT WARNING * * *
You feel sick.
* * * LOW HITPOINT WARNING * * *
You feel sick.
* * * LOW HITPOINT WARNING * * *
You feel sick.
You see here a worker ant corpse.
There is a lethal amount of poison in your body!
* * * LOW HITPOINT WARNING * * *
You feel sick.
* * * LOW HITPOINT WARNING * * *
You feel sick.
Unknown command.
Are you sure you want to abandon this character and quit the game? (Confirm with "yes".)

#########
#.......#
#.......#
#..###..#
#@.# .....
#..#
...#...
#.<# ...#
#.
#.......#.
{
##......###
######.# #


There were no monsters in sight!

Vanquished Creatures
  A worker ant (D:6)
  A leopard gecko skeleton (D:3)
2 creatures vanquished.

Notes
Turn   | Place    | Note
-------+----------+-------------------------------------------
     0 | D:1      | 4thArraOfDagon the Formicid Warper began the quest for the Orb.
     0 | D:1      | Reached XP level 1. HP: 16/16 MP: 3/3
     7 | D:1      | You fall through a shaft!
    12 | D:3      | Found a deep blue altar of Sif Muna.
    47 | D:4      | Noticed an ogre
    55 | D:3      | You fall through a shaft for 3 floors!
    72 | D:5      | Entered Level 5 of the Dungeon
    87 | D:6      | Noticed a worker ant
    97 | D:6      | Killed a worker ant
    97 | D:6      | Reached XP level 2. HP: 7/23 MP: 3/5
    97 | D:6      | Reached XP level 3. HP: 8/28 MP: 3/6
   116 | D:6      | HP: 1/28 [poisoned by a worker ant]
   118 | D:6      | Quit the game

Vault maps used:
D:1:      dpeg_arrival_morbid_curiosity, minmay_misc_feat_iff
D:2:      lemuel_doored_altar
D:3:      old_standard_altar, nicolae_dithmenos_shadow_blocks,
          nicolae_overflow_hidden_temple,
          chequers_ecumenical_altar_simple_redux, grunt_qazlal_clouds
D:4:      serial_forest, infiniplex_forest_straight_2, infiniplex_forest_end_1,
          infiniplex_forest_clump_double, infiniplex_forest_corner_2,
          infiniplex_forest_lined_room_2, infiniplex_forest_clump_diagonal,
          infiniplex_forest_clump_curved, infiniplex_forest_lined_2
D:5:      kennysheep_mini, serial_shops, shop, first_bread
D:6:      minmay_temple_entry_junction_2, serial_shops, shop, minivault_14

Action                   || total
-------------------------++-------
Melee: Falchion          ||     6
Throw: Tomahawk          ||     5
 Abil: Shaft Self        ||     2
       Dig               ||     1
  Use: Scroll            ||     1
Armor: Chain mail        ||     4
Dodge: Dodged            ||     2
       Rpst.: Falchion   ||     1
